 Dungeon Crawl Stone Soup version 0.19.1 (webtiles) character file.

96 Daunt the Conjurer (level 4, 0/38 HPs)
             Began as a Draconian Conjurer on Dec 3, 2016.
             Was an Initiate of Sif Muna.
             Slain by Grinder (2 damage)
             ... on level 3 of the Dungeon.
             The game lasted 00:07:29 (2341 turns).

Daunt the Conjurer (Draconian Conjurer)             Turns: 2341, Time: 00:07:29

Health: 0/38       AC:  5    Str: 10    XL:     4   Next: 41%
Magic:  4/9        EV: 12    Int: 17    God:    Sif Muna [......]
Gold:   129        SH:  0    Dex: 11    Spells: 1 memorised, 8 levels left

rFire  . . .     SeeInvis .     c - +0 hand axe
rCold  . . .     Gourm    .     (armour unavailable)
rNeg   . . .     Faith    .     (no shield)
rPois  .         Spirit   .     (helmet restricted)
rElec  .         Reflect  .     (no cloak)
rCorr  +         Harm     .     (no gloves)
MR     .....                    (no boots)
Stlth  ++........               o - amulet of inaccuracy (curse)
                                (no ring)
                                i - ring of resist corrosion

@: very slightly contaminated
A: unfitting armour, cold-blooded, AC +5
a: Renounce Religion


You were on level 3 of the Dungeon.
You worshipped Sif Muna.
Sif Muna was noncommittal.
You were not hungry.

You visited 1 branch of the dungeon, and saw 3 of its levels.

You collected 129 gold pieces.

Inventory:

Hand Weapons
 c - a +0 hand axe (weapon)
Jewellery
 i - a ring of resist corrosion (left hand)
 o - a cursed amulet of inaccuracy (around neck)
 r - a +6 amulet of reflection {unknown}
Scrolls
 d - 2 scrolls of noise {unknown}
 k - 5 scrolls of identify {unknown}
 l - a scroll of enchant weapon {unknown}
 m - a scroll of teleportation {unknown}
 p - a scroll of remove curse {unknown}
 q - a scroll of recharging {unknown}
Potions
 e - 2 potions of flight {unknown}
 f - a potion of degeneration {unknown}
 h - a potion of magic {unknown}
 n - a potion of agility {unknown}
 s - 2 potions of might {unknown}
 t - a potion of heal wounds {unknown}
Books
 a - a book of Conjurations

   Spells                             Type                      Level
   a - Magic Dart                     Conjuration                  1
   b - Searing Ray                    Conjuration                  2
   c - Dazzling Spray                 Conjuration/Hexes            3
   d - Fulminant Prism                Conjuration/Hexes            4
   e - Iskenderun's Mystic Blast      Conjuration                  4
   f - Iskenderun's Battlesphere      Conjuration/Charms           5
Comestibles
 b - 2 bread rations
 g - a meat ration
 j - a royal jelly
 u - 4 chunks of flesh


   Skills:
 - Level 3.1 Fighting
 - Level 1.7 Dodging
 - Level 1.7 Stealth
 + Level 3.3 Spellcasting
 - Level 4.0 Conjurations


You had 8 spell levels left.
You knew the following spells:

 Your Spells              Type           Power        Failure   Level  Hunger
a - Magic Dart            Conj           ###.         3%          1    None


Dungeon Overview and Level Annotations

Branches:
Dungeon (3/15)

Altars:
Ashenzari
Sif Muna

Annotations:
D:3 Grinder


Innate Abilities, Weirdness & Mutations

Your plain brown scales are hard. (AC +5)
You cannot fit into any form of body armour.
You are cold-blooded and may be slowed by cold attacks.


Message History

The air around you crackles with energy!
Grinder hits you but does no damage.
Grinder says, "You look like you could use a good racking."
Grinder gestures at you. You resist with significant effort.
Grinder says, "What is the universe for?"
Grinder blinks!
Grinder blinks!
Grinder gestures at you. Pain shoots through your body!
An orc wizard comes into view. It is wielding a dagger.
Grinder gestures at you. Pain shoots through your body!
* * * LOW HITPOINT WARNING * * *
An orc comes into view. It is wielding a dagger.
The orc shouts!
Grinder hits you.
* * * LOW HITPOINT WARNING * * *
You writhe in agony.
You die...

##......#.#.#....#.#.#.#..##
...........+...............>
#.......(.#####.#.#+#.##.#.
###.#........o.o......##.)(
##+#.######..........###..
####....##..............# #..
........##..............# #..
####.....+..............# #..
#...###..@5.....###### ##.
#...# #...................
#...# #...................
####.÷.###...................
#...........#######...........
#...........# #...........
#...........# #...........
#...........# #...........
#..........§############## #+#


You could see Grinder, an orc wizard (wandering) and an orc.

Vanquished Creatures
  4 adders
  3 worms (D:2)
  A dart slug (D:1)
  4 giant cockroaches
  9 goblins
  7 hobgoblins
  4 jackals
  A quokka (D:2)
  4 bats
  4 kobolds
  7 rats
48 creatures vanquished.

Notes
Turn   | Place    | Note
-------+----------+-------------------------------------------
     0 | D:1      | Daunt the Draconian Conjurer began the quest for the Orb.
     0 | D:1      | Reached XP level 1. HP: 14/14 MP: 3/3
   146 | D:1      | Reached skill level 1 in Fighting
   263 | D:1      | Reached XP level 2. HP: 24/24 MP: 5/5
   797 | D:2      | Found a deep blue altar of Sif Muna.
   803 | D:2      | Became a worshipper of Sif Muna the Loreminder
   949 | D:2      | Reached XP level 3. HP: 29/30 MP: 1/6
  1868 | D:3      | Reached XP level 4. HP: 38/38 MP: 1/8
  2042 | D:3      | Found a shattered altar of Ashenzari.
  2317 | D:3      | Noticed Grinder
  2323 | D:3      | Paralysed by Grinder for 3 turns
  2341 | D:3      | Slain by Grinder

Skill      XL: |  1  2  3  4 |
---------------+-------------+-----
Fighting       | 1 2 3 |  3.1
Spellcasting   | 3 |  3.3
Dodging        | |  1.7
Stealth        | |  1.7
Conjurations   | |  4.0

Action                   |  1- 3 |  4- 6 || total
-------------------------+-------+-------++-------
Melee: Hand axe          |    52 |     2 ||    54
       Tailslap          |     1 |       ||     1
 Cast: Magic Dart        |    89 |    27 ||   116
 Stab: Sleeping          |     2 |       ||     2
  Eat: Chunk             |     4 |     2 ||     6
Armor: Skin              |    15 |     3 ||    18
Dodge: Dodged            |    28 |     7 ||    35
